 Dungeon Crawl Stone Soup version 0.24.0-41-g2ae2f7f1be (webtiles) character file.

Game seed: 16665469627289838854, levelgen mode: deterministic

149595 vishdafish the Basher (level 16, -4/165 HPs)
             Began as a Troll Berserker on Dec 14, 2019.
             Was a High Priest of Trog.
             Slain by a mana viper (10 damage)
             ... on level 4 of the Snake Pit.
             The game lasted 01:21:36 (27864 turns).

vishdafish the Basher (Troll Berserker)            Turns: 27864, Time: 01:21:37

Health: -4/165     AC: 29    Str: 27    XL:     16   Next: 96%
Magic:  15/15      EV:  6    Int:  3    God:    Trog [*****.]
Gold:   2712       SH:  0    Dex: 14    Spells: 15/15 levels left

rFire    + + .     SeeInvis +   H - +4 giant spiked club of Balance {crush, *Rage rElec rF+}
rCold    + + +     Gourm    +   (shield currently unavailable)
rNeg     + . .     Faith    +   S - +6 gold dragon scales
rPois    +         Spirit   .   p - +1 hat
rElec    +         Reflect  .   D - scarf {repulsion}
rCorr    .         Harm     .   (gloves unavailable)
MR       +....     Rnd*Rage +   (boots unavailable)
Stlth    ..........             n - amulet of faith
HPRegen  0.77/turn              v - ring of protection from cold
MPRegen  0.14/turn              U - ring "Sebym" {rPois rC+ rN+ Str-2 SInv}

@: lethally poisoned (-4 -> -4), about to teleport, berserk cooldown, slowed,
repel missiles, very slow
A: large, unfitting armour, claws 3, fast metabolism 3, gourmand, regeneration
1, shaggy fur 1, tough skin 3
a: Berserk, Trog's Hand, Brothers in Arms, Renounce Religion


You were on level 4 of the Snake Pit.
You worshipped Trog.
Trog was extremely pleased with you.
You were very hungry.

You visited 4 branches of the dungeon, and saw 27 of its levels.
You also visited: Ossuary, Ice Cave and Volcano.

You collected 2746 gold pieces.
You spent 34 gold pieces at shops.

Inventory:

Hand Weapons
 u - a +2 antimagic eveningstar
 H - the +4 giant spiked club of Balance (weapon) {crush, *Rage rElec rF+}
   (Trog gifted it to you on level 13 of the Dungeon)

   It inflicts extra damage upon your enemies.
   It protects you from fire.
   It insulates you from electricity.
   It may make you go berserk in combat.
 V - the +11 plutonium sword {*Contam Stlth-}
   (You found it in an ice cave)

   It causes magical contamination when unequipped.
   It makes you less stealthy.
Missiles
 z - 4 javelins (quivered)
 Z - 8 large rocks
Armour
 e - a +2 shield
 p - a +1 hat (worn)
 D - a scarf of repulsion (worn)
 S - +6 gold dragon scales (worn)
Jewellery
 n - an amulet of faith (around neck)
 v - a ring of protection from cold (left claw)
 E - the amulet "Firoma" {rElec Regen+ Str+4 Dex+2 SInv}
   (You acquired it in an ice cave)

   [amulet of regeneration]

   It affects your strength (+4).
   It affects your dexterity (+2).
   It insulates you from electricity.
   It lets you see invisible.
   It increases your rate of regeneration.
 U - the ring "Sebym" (right claw) {rPois rC+ rN+ Str-2 SInv}
   (You found it on level 9 of the Dungeon)

   [ring of positive energy]

   It affects your strength (-2).
   It protects you from cold.
   It protects you from poison.
   It protects you from negative energy.
   It lets you see invisible.
Wands
 a - a wand of scattershot (7)
 b - a wand of acid (5)
 f - a wand of clouds (1)
 m - a wand of random effects (13)
 q - a wand of paralysis (24)
 y - a wand of disintegration (9)
 A - a wand of digging (8)
 B - a wand of iceblast (24)
 L - a wand of flame (29)
 X - a wand of polymorph (29)
Scrolls
 d - 13 scrolls of remove curse
 h - 3 scrolls of magic mapping
 s - 5 scrolls of immolation
 t - 7 scrolls of enchant weapon
 w - 15 scrolls of teleportation
 G - 2 scrolls of fog
 I - 5 scrolls of vulnerability
 J - a scroll of silence
 K - 2 scrolls of identify
 O - 4 scrolls of fear {unknown}
 R - a scroll of summoning
 W - 2 scrolls of holy word {unknown}
Potions
 g - 7 potions of agility
 i - a potion of flight
 j - 9 potions of curing
 k - 3 potions of berserk rage
 o - 6 potions of lignification
 r - 2 potions of magic
 x - 5 potions of brilliance
 C - 6 potions of might
 F - a potion of heal wounds
 M - 6 potions of resistance
 N - a potion of invisibility
 P - 2 potions of ambrosia
 T - 6 potions of haste {unknown}
 Y - 2 potions of mutation {unknown}
Miscellaneous
 Q - a lamp of fire (inert)
Comestibles
 c - 7 rations
 l - 4 chunks of flesh


   Skills:
 - Level 12.2 Fighting
 - Level 13.1 Maces & Flails
 - Level 12.4 Throwing
 * Level 12.7 Armour
 - Level 6.0 Dodging
 - Level 9.9 Shields


You had 15 spell levels left.
You didn't know any spells.
Your spell library was empty.

Dungeon Overview and Level Annotations

Branches:
Dungeon (15/15)            Temple (0/1) D:5            Lair (6/6) D:11
  Swamp (0/4) Lair:2        Snake (4/4) Lair:4        Slime (0/5) Lair:5
    Orc (2/2) D:12            Elf (0/3) Orc:2        Vaults (0/5) D:14
 Depths (0/5) D:15        Ossuary (visited)           IceCv (visited)
Volcano (visited)

Altars:
Ashenzari
Cheibriados
Fedhas
Gozag
Kikubaaqudgha
Makhleb
Okawaru
Ru
Trog
Uskayaw
Vehumet
Wu Jian
Xom
Yredelemnul
Zin
Beogh
Jiyva

Shops:
D:13 *   D:14 *   Orc:2 [(=[   Snake:4 }

Portals:
Trove: D:10 (give +4 storm dragon scales)

Annotations:
D:12 2 transporters, Tinen's ghost, journeyman TrMo


Innate Abilities, Weirdness & Mutations

You are too large for most types of armour.
You have claws for hands.
Your metabolism is lightning-fast.
You like to eat raw meat.
Your natural rate of healing is unusually fast.
You are covered in fur. (AC +1)
You have extremely tough skin. (AC +3)


Message History

The bolt of electricity hits you! You resist.
* * * LOW HITPOINT WARNING * * *
The bolt of electricity hits your two-headed ogre!! x2
Your two-headed ogre dies!
Your two-headed ogre's corpse disappears in a puff of smoke!
The bolt of electricity hits you. You resist.
* * * LOW HITPOINT WARNING * * *
The guardian serpent moves out of view.
Unknown command.
As you read the scroll of teleportation, it crumbles to dust.
You feel strangely unstable.
You feel sick. The mana viper barely misses you.
The shock serpent shoots out a bolt of lightning at you!
The bolt of electricity hits you. You resist.
* * * LOW HITPOINT WARNING * * *
The bolt of electricity hits you. You resist.
* * * LOW HITPOINT WARNING * * *
The nagaraja hits you from afar with a +0 halberd!
* * * LOW HITPOINT WARNING * * *
The mana viper bites you!
You die...

### #...##.)S# ..# #....((#
..# ##.)))## ..#
############('###
######...##...#.....§#
................###N§#
..####.(...÷..####NN##
.....#..).....##§SN##
).....)......(..@### ###
##.....##........# #..
.................# #.#
..#..#........#.S# #.#
...#....).......## ####.#
##.######...[...# ###....##
................####...#...#
.#####......#........###...##
..# ##[..####......## #....#
.


You could see 2 naga warriors, a nagaraja, a shock serpent, a mana viper and a
naga mage.

Vanquished Creatures
  Asterion (Snake:4)
  Kirke (D:13)
  Donald (Snake:2)
  4 nagarajas
  An orc warlord (Orc:2)
  Nessos (D:13)
  A vault guard (D:14)
  Fannar (Lair:1)
  3 naga warriors
  2 centaur warriors
  5 hydras
  14 anacondas
  A two-headed ogre (D:14)
  A deep troll shaman (Lair:6)
  A tengu warrior (D:15)
  2 orc high priests
  13 death yaks
  7 naga sharpshooters
  5 shock serpents
  5 salamander mystics
  2 sea snakes (Snake:3)
  An unseen horror (D:13)
  4 naga ritualists
  A necromancer (IceCv)
  2 orc knights
  Pikel (D:5)
  2 orc sorcerers (Orc:2)
  2 deep elf magi
  A wolf spider (D:15)
  3 mana vipers
  12 salamanders
  The ghost of Iamsoldier the Digger, a novice OpEE of Gozag (D:6)
  Maurice (D:13)
  7 ugly things
  15 elephants
  10 naga magi
  33 black mambas
  8 spiny frogs
  4 ice statues (IceCv)
  3 guardian serpents
  2 centaur skeletons
  3 gargoyles
  5 komodo dragons
  2 rime drakes
  7 ice devils
  A yaktaur (D:15)
  6 trolls
  A tengu conjurer (D:15)
  Grinder (D:3)
  3 polar bears
  3 slime creatures (D:14)
  5 dream sheep (Lair:6)
  10 hippogriffs
  A raiju (shapeshifter) (D:14)
  10 blink frogs
  A hippogriff (shapeshifter) (D:13)
  A shadow (D:14)
  Sigmund (D:5)
  56 yaks
  3 wraiths
  3 wyverns
  A steam dragon (Lair:3)
  12 basilisks
  A human (D:9)
  2 hungry ghosts
  4 hogs (D:9)
  10 vampire mosquitoes
  Menkaure (D:6)
  33 nagas
  2 wargs (Orc:1)
  2 acid dragons
  17 water moccasins
  11 porcupines
  2 phantoms
  2 ice beasts
  2 black bears
  A hornet zombie (D:13)
  9 ogres
  An eye of draining (D:13)
  4 sky beasts
  34 orc warriors
  2 necrophages
  14 wolves
  14 centaurs
  13 crocodiles
  5 big kobolds
  11 bullfrogs
  3 wyvern skeletons
  12 scorpions
  3 killer bees (D:13)
  4 wights
  3 howler monkeys (D:9)
  An electric eel (Lair:2)
  10 crimson imps
  2 draconian simulacra (IceCv)
  2 human zombies
  A bullfrog zombie (D:6)
  4 hounds
  3 bullfrog skeletons
  7 centaur zombies
  3 iron imps (D:9)
  25 orc priests
  2 human skeletons (D:8)
  5 iguanas
  36 orc wizards
  6 worker ants
  2 troll simulacra (IceCv)
  2 big kobold zombies (Ossuary)
  A hound zombie (D:9)
  3 mummies (Ossuary)
  A worker ant zombie (D:11)
  4 gnolls (D:2)
  2 scorpion zombies (Ossuary)
  18 adders
  3 naga simulacra (IceCv)
  3 ogre simulacra (IceCv)
  A river rat (D:11)
  2 shadow imps
  An ooze (D:4)
  A worm (D:4)
  3 dart slugs
  4 leopard geckos
  100 orcs
  2 giant cockroaches
  7 goblins
  4 hobgoblins
  11 jackals
  27 kobolds
  3 quokkas
  5 ball pythons
  2 bats
  4 frilled lizards
  A giant cockroach zombie (D:6)
  3 gnoll zombies (Ossuary)
  3 goblin zombies (Ossuary)
  A hobgoblin zombie (Ossuary)
  A jackal skeleton (D:4)
  A jackal zombie (D:7)
  2 kobold zombies (Ossuary)
  A leopard gecko skeleton (D:4)
  3 orc skeletons (D:8)
  2 orc zombies (Ossuary)
  A quokka zombie (D:7)
  6 rats
891 creatures vanquished.

Vanquished Creatures (collateral kills)
  Vashnia (Snake:2)
  Aizul (Snake:1)
  A dire elephant (D:15)
  2 hydras
  A naga warrior (Snake:2)
  A catoblepas (Lair:6)
  2 death yaks
  2 naga sharpshooters (Snake:4)
  A hell knight (Volcano)
  A salamander mystic (Snake:1)
  2 naga ritualists
  2 mana vipers (Snake:1)
  A salamander (Volcano)
  An elephant (Lair:6)
  3 black mambas
  A guardian serpent (Snake:4)
  A komodo dragon (Lair:4)
  2 ice devils (IceCv)
  4 slime creatures
  A hippogriff (Lair:3)
  3 yaks
  A basilisk (Lair:4)
  3 nagas
  A crocodile (Lair:6)
39 creatures vanquished.

Vanquished Creatures (others)
  2 wizards
  A black mamba (Snake:2)
  A human (D:13)
  A swamp drake (D:12)
  10 fungi
  17 plants
32 creatures vanquished.

Grand Total: 962 creatures vanquished

Notes
Turn   | Place    | Note
-------+----------+-------------------------------------------
     0 | D:1      | vishdafish the Troll Berserker began the quest for the Orb.
     0 | D:1      | Reached XP level 1. HP: 22/22 MP: 0/0
   409 | D:2      | Reached XP level 2. HP: 29/29 MP: 1/1
   479 | D:2      | Reached skill level 3 in Maces & Flails
   570 | D:2      | Reached XP level 3. HP: 31/36 MP: 2/2
   779 | D:2      | Reached ** piety under Trog
   779 | D:2      | Reached XP level 4. HP: 41/45 MP: 3/3
  1226 | D:3      | Noticed Grinder
  1235 | D:3      | Killed Grinder
  1235 | D:3      | Reached skill level 4 in Maces & Flails
  1235 | D:3      | Reached XP level 5. HP: 53/53 MP: 4/4
  1235 | D:3      | Reached XP level 6. HP: 61/61 MP: 5/5
  1428 | D:3      | Found a bloodstained altar of Trog.
  1430 | D:3      | Noticed a wizard
  1435 | D:3      | Killed a wizard
  2543 | D:5      | Entered Level 5 of the Dungeon
  2555 | D:5      | Reached XP level 7. HP: 67/67 MP: 6/6
  2627 | D:5      | Found a staircase to the Ecumenical Temple.
  2681 | D:5      | Reached skill level 5 in Maces & Flails
  2981 | D:5      | Noticed Sigmund
  2991 | D:5      | Killed Sigmund
  2991 | D:5      | Reached skill level 5 in Throwing
  3082 | D:5      | Noticed Pikel
  3094 | D:5      | Killed Pikel
  3094 | D:5      | Reached XP level 8. HP: 75/75 MP: 7/7
  3251 | D:6      | Found a runed translucent gate.
  3251 | D:6      | Found a runed translucent gate.
  3251 | D:6      | Found a runed translucent gate.
  3252 | D:6      | Found an opulent altar of Gozag.
  3256 | D:6      | Noticed Iamsoldier's ghost (novice OpEE)
  3321 | D:6      | Reached skill level 6 in Maces & Flails
  3521 | D:6      | Noticed Menkaure
  3527 | D:6      | Killed Menkaure
  3527 | D:6      | Reached skill level 1 in Shields
  3724 | D:6      | Found a shimmering altar of Xom.
  3845 | D:6      | Found an ornate altar of the Wu Jian Council.
  3845 | D:6      | Found a snail-covered altar of Cheibriados.
  3917 | D:6      | Reached *** piety under Trog
  3919 | D:6      | Found a basalt altar of Yredelemnul.
  3933 | D:6      | Found an iron altar of Okawaru.
  3933 | D:6      | Found a shattered altar of Ashenzari.
  3934 | D:6      | Found a hide-covered altar of Uskayaw.
  3934 | D:6      | Found a glowing silver altar of Zin.
  3936 | D:6      | Found a blossoming altar of Fedhas.
  3937 | D:6      | Found a radiant altar of Vehumet.
  3938 | D:6      | Found a sacrificial altar of Ru.
  4254 | D:6      | Reached XP level 9. HP: 30/84 MP: 8/8
  4257 | D:6      | Killed Iamsoldier's ghost
  4690 | D:7      | Reached skill level 7 in Maces & Flails
  5082 | D:7      | Reached **** piety under Trog
  5512 | D:8      | Received a gift from Trog
  5525 | D:8      | Reached skill level 5 in Fighting
  5648 | D:8      | Reached skill level 5 in Dodging
  5905 | D:8      | Found a sand-covered staircase.
  5910 | Ossuary  | Entered an ossuary
  5990 | Ossuary  | Reached XP level 10. HP: 82/96 MP: 9/9
  6058 | Ossuary  | Received a gift from Trog
  6399 | D:8      | Reached skill level 8 in Maces & Flails
  6696 | D:9      | Reached ***** piety under Trog
  6832 | D:9      | Reached skill level 1 in Armour
  6859 | D:9      | Found an ancient bone altar of Kikubaaqudgha.
  6982 | D:9      | Got a warped golden ring
  6997 | D:9      | Identified the ring "Sebym" {rPois rC+ rN+ Str-2 SInv} (You
                  | found it on level 9 of the Dungeon)
  7418 | D:9      | Found a burning altar of Makhleb.
  7571 | D:10     | Entered Level 10 of the Dungeon
  7686 | D:10     | Reached skill level 9 in Maces & Flails
  7847 | D:10     | Found a portal to a secret trove of treasure.
  8034 | D:10     | Noticed a gargoyle
  8040 | D:10     | Killed a gargoyle
  8040 | D:10     | Reached XP level 11. HP: 107/107 MP: 10/10
  8362 | D:11     | Noticed a death yak
  8364 | D:11     | Noticed a death yak
  8366 | D:11     | Noticed a death yak
  8385 | D:11     | Killed a death yak
  8579 | D:11     | Received a gift from Trog
  8640 | D:11     | Found a staircase to the Lair.
  8706 | D:11     | Killed a death yak
  8717 | D:11     | Killed a death yak
  8975 | D:12     | Noticed a skeletal warrior
  9061 | D:12     | Noticed Tinen's ghost (journeyman TrMo)
  9065 | D:12     | Noticed a vampire knight
  9107 | D:12     | Noticed a deep elf mage
  9116 | D:12     | Killed a deep elf mage
  9179 | D:12     | Found a transporter.
  9208 | D:12     | Found a transporter.
  9229 | D:12     | Reached skill level 10 in Maces & Flails
  9392 | D:12     | Noticed a white ugly thing
  9402 | D:12     | Killed a white ugly thing
  9445 | D:12     | Received a gift from Trog
  9520 | D:12     | Found a staircase to the Orcish Mines.
  9850 | Lair:1   | Entered Level 1 of the Lair of Beasts
  9987 | D:11     | Reached XP level 12. HP: 46/120 MP: 3/11
 10214 | Lair:1   | Noticed Fannar
 10224 | Lair:1   | Killed Fannar
 10460 | Lair:1   | Got a shimmering quarterstaff
 10467 | Lair:1   | Identified the +7 quarterstaff of the Unseen Realm {elec,
                  | rN+} (You found it on level 1 of the Lair of Beasts)
 10788 | Lair:2   | Received a gift from Trog
 10854 | Lair:2   | Got a warped flail {god gift}
 10855 | Lair:2   | Identified the +8 flail of the Tired Spirits {crush, +Blink
                  | Stlth+} (Trog gifted it to you on level 2 of the Lair of
                  | Beasts)
 10897 | Lair:2   | Got a fine quarterstaff
 10898 | Lair:2   | Identified the cursed +3 quarterstaff of Ohudog {antimagic,
                  | MR+ Str+4} (You found it on level 2 of the Lair of Beasts)
 11029 | Lair:2   | Found a staircase to the Swamp.
 11053 | Lair:2   | Reached skill level 5 in Shields
 11121 | Lair:2   | Reached skill level 11 in Maces & Flails
 11319 | Lair:3   | Noticed an eight-headed hydra
 11329 | Lair:3   | Killed an eight-headed hydra
 12210 | Lair:4   | Found a staircase to the Snake Pit.
 12360 | Lair:4   | Noticed a seven-headed hydra
 12366 | Lair:4   | Killed an eight-headed hydra
 12540 | Lair:4   | Reached XP level 13. HP: 130/130 MP: 12/12
 13084 | Lair:4   | Reached skill level 10 in Fighting
 13523 | Lair:5   | Found a viscous altar of Jiyva.
 13523 | Lair:5   | Found a staircase to the Slime Pits.
 14090 | Lair:5   | Received a gift from Trog
 14138 | Lair:5   | Reached skill level 10 in Throwing
 14615 | Lair:6   | Entered Level 6 of the Lair of Beasts
 14619 | Lair:6   | Reached skill level 12 in Maces & Flails
 15216 | Lair:6   | Reached XP level 14. HP: 142/142 MP: 4/13
 15288 | Lair:6   | Received a gift from Trog
 16468 | Orc:1    | Entered Level 1 of the Orcish Mines
 16526 | Orc:1    | You fall into a shaft and drop 1 floor!
 16526 | Orc:2    | Entered Level 2 of the Orcish Mines
 16714 | Orc:1    | Found a dark tunnel.
 16745 | Volcano  | Entered a volcano
 16765 | Volcano  | Found a burning altar of Makhleb.
 16813 | Volcano  | HP: 1/144 [something (36)]
 17223 | Orc:1    | Received a gift from Trog
 17522 | Orc:1    | Received a gift from Trog
 17549 | Orc:2    | Reached skill level 13 in Maces & Flails
 17734 | Orc:2    | Paralysed by an orc sorcerer for 6 turns
 17745 | Orc:2    | Found a staircase to the Elven Halls.
 17894 | Orc:2    | Received a gift from Trog
 17905 | Orc:2    | Found a roughly hewn altar of Beogh.
 18023 | Orc:2    | Received a gift from Trog
 18036 | Orc:2    | Noticed an orc warlord
 18070 | Orc:2    | Killed an orc warlord
 18151 | Orc:2    | Found Geaq's Antique Armour Shop.
 18153 | Orc:2    | Found a roughly hewn altar of Beogh.
 18163 | Orc:2    | Found Ziraogeot's Antique Weapon Boutique.
 18249 | Orc:2    | Found a roughly hewn altar of Beogh.
 18305 | Orc:2    | Found Vingurgh's Antique Armour Shop.
 18368 | Orc:2    | Found a roughly hewn altar of Beogh.
 18410 | Orc:2    | Found a roughly hewn altar of Beogh.
 18428 | Orc:2    | Found Uthroy's Jewellery Shoppe.
 18572 | D:13     | Noticed Maurice
 18589 | D:13     | Killed Maurice
 18641 | D:13     | Found Feyleacsase's General Store.
 18658 | D:13     | Bought a scroll of noise for 18 gold pieces
 18737 | D:13     | Noticed Kirke
 18745 | D:13     | Killed Kirke
 18824 | D:13     | Reached XP level 15. HP: 99/156 MP: 4/14
 18901 | D:13     | Found a glowing silver altar of Zin.
 18918 | D:13     | Received a gift from Trog
 18922 | D:13     | Got an ivory giant spiked club {god gift}
 18928 | D:13     | Identified the +4 giant spiked club of Balance {crush,
                  | *Rage rElec rF+} (Trog gifted it to you on level 13 of the
                  | Dungeon)
 18968 | D:13     | Noticed Nessos
 18979 | D:13     | Killed Nessos
 20053 | D:14     | Found Plog's Mass Market.
 20077 | D:14     | Bought 2 large rocks for 16 gold pieces
 20168 | D:14     | Found a gate to the Vaults.
 20373 | D:15     | Entered Level 15 of the Dungeon
 20424 | D:15     | Received a gift from Trog
 20595 | D:15     | Found a frozen archway.
 20658 | IceCv    | Entered an ice cave
 20843 | IceCv    | Identified a scroll of acquirement
 21263 | IceCv    | Found the +11 plutonium sword {*Contam Stlth-}
 21392 | IceCv    | Got a translucent crystal amulet
 21426 | D:15     | Found a staircase to the Depths.
 21714 | D:15     | Reached skill level 5 in Armour
 22042 | D:15     | Identified the amulet "Firoma" {rElec Regen+ Str+4 Dex+2
                  | SInv} (You acquired it in an ice cave)
 22420 | Snake:1  | Entered Level 1 of the Snake Pit
 22521 | Lair:4   | HP: 2/157 [black mamba (12)]
 22726 | Snake:1  | Noticed Aizul
 22741 | Snake:1  | Killed Aizul
 22952 | Snake:1  | Identified the +4 halberd of Exoneration {vamp, rPois rC++
                  | Str-5 Stlth+}
 23030 | Snake:1  | Received a gift from Trog
 23674 | Snake:2  | Noticed Vashnia
 23898 | Snake:2  | Killed Vashnia
 23898 | Snake:2  | Reached XP level 16. HP: 44/165 MP: 15/15
 24877 | Snake:2  | Noticed Donald
 24885 | Snake:2  | Killed Donald
 25177 | Snake:2  | Reached skill level 10 in Armour
 26021 | Snake:3  | Received a gift from Trog
 26259 | Snake:3  | Received a gift from Trog
 27043 | Snake:4  | Entered Level 4 of the Snake Pit
 27128 | Snake:4  | Found Dakin's Gadget Emporium.
 27185 | Snake:4  | Noticed Asterion
 27203 | Snake:4  | Killed Asterion
 27834 | Snake:4  | Received a gift from Trog
 27864 | Snake:4  | HP: 6/165 [nagaraja/+0 halberd (9)]
 27864 | Snake:4  | Slain by a mana viper

Levels and vault maps discovered:
D:1:      ebering_trefoil_twist, layout_rooms, supply_closet_lemuel
D:2:      minmay_general_purpose_star, layout_rooms
D:3:      layout_rooms, trog_wizard, uniq_grinder
D:4:      layout_gridville
D:5:      layout_loops_ring, minmay_temple_entry_slanted, first_ration,
          uniq_sigmund, uniq_pikel
D:6:      layout_loops_ring, tgw_xom, minitemple, ebering_ghost_gozag,
          uniq_menkaure
D:7:      wad_pebble_path, layout_basic
D:8:      layout_cave_pools, nicolae_ossuary_entry_catacombs
D:9:      layout_roguey, nicolae_overflow_hidden_temple, demons_altar,
          grunt_livestock
D:10:     layout_roguey, nicolae_trove_entry_crossroad
D:11:     layout_roguey, dpeg_lair_monsters
D:12:     layout_rooms, erik_orc_1, gammafunk_ghost_mausoleum
D:13:     layout_gridville, serial_shops, kennysheep_little_box, basic_altar,
          uniq_maurice, uniq_kirke, uniq_nessos
D:14:     layout_roguey, david_vaults_5, minmay_shop_mass
D:15:     hangedman_depths_entry_try_elsewhere_first, layout_stronghold,
          minmay_misc_feat_roman, portal_ice_cave_demonic_guard
Lair:1:   layout_misc_corridors, minmay_hedge_maze, lemuel_fruit_fields,
          uniq_fannar
Lair:2:   layout_cave_shapes, minmay_swamp_entry_swarm
Lair:3:   layout_regular_city, kennysheep_basilisk_garden
Lair:4:   beast_lair_carwin_large_3, layout_loops_ring,
          guppyfry_snake_entry_island
Lair:5:   cheibrodos_lair_river_kwai, layout_concentric_octagons, slime_altar_1,
          lemuel_fruit_fields
Lair:6:   grunt_lair_end_beastmaster, layout_loops_ring
Snake:1:  layout_misc_corridors, uniq_aizul
Snake:2:  layout_chambers, grunt_megastairs_2, uniq_donald, uniq_vashnia
Snake:3:  layout_rooms, nicolae_snake_springs
Snake:4:  johnstein_snake_rune_scales, layout_misc_corridors, serial_shops,
          shop_fountains, uniq_asterion
Orc:1:    layout_caves, nicolae_volcano_entry_lava_flow
Orc:2:    grunt_orc_community_town_hall, layout_diamond_mine,
          grunt_orc_community_big_house_2, grunt_orc_community_big_house_2,
          grunt_orc_community_house_3, grunt_orc_community_house_1,
          grunt_orc_community_house_1, grunt_orc_community_house_2,
          grunt_orc_community_house_2, grunt_orc_community_house_2

Skill      XL: |  1  2  3  4  5  6  7  8  9 10 11 12 13 14 15 16 |
---------------+-------------------------------------------------+-----
Maces & Flails | 3 4 5 6 7 9 10 11 12 13 | 13.1
Fighting       | 3 4 5 7 8 9 10 11 12 | 12.2
Dodging        | 3 4 5 6 |  6.0
Throwing       | 2 4 6 8 9 10 11 12 | 12.4
Shields        | 3 4 6 7 9 |  9.9
Armour         | 3 4 8 12 | 12.7

Action                   |  1- 3 |  4- 6 |  7- 9 | 10-12 | 13-15 | 16-18 || total
-------------------------+-------+-------+-------+-------+-------+-------++-------
Melee: Mace              |    74 |       |       |       |       |       ||    74
       Morningstar       |    27 |    94 |   143 |       |       |       ||   264
       Dire flail        |       |       |   257 |   561 |       |       ||   818
       Eveningstar       |       |       |       |    71 |   729 |       ||   800
       Quarterstaff      |       |       |       |   198 |   196 |       ||   394
       Lajatang          |       |       |       |       |    21 |       ||    21
       Giant spiked club |       |       |       |       |   407 |   372 ||   779
Throw: Boomerang         |       |     4 |    14 |       |       |       ||    18
       Javelin           |       |       |     3 |    12 |    45 |    19 ||    79
       Large rock        |       |       |       |     8 |    31 |     6 ||    45
       Throwing net      |       |       |       |       |     1 |       ||     1
Invok: Berserk           |     1 |     4 |     7 |    17 |    43 |    15 ||    87
       Brothers in Arms  |       |       |       |     3 |    13 |     5 ||    21
       Trog's Hand       |       |       |       |       |     4 |       ||     4
Evoke: Wand              |       |       |     7 |    11 |    13 |     1 ||    32
       Box of beasts     |       |       |       |       |     1 |     1 ||     2
       Lamp of fire      |       |       |       |       |       |     1 ||     1
  Use: Scroll            |       |     6 |     1 |    11 |    22 |     9 ||    49
       Potion            |       |       |     1 |     1 |    12 |     3 ||    17
 Stab: Sleeping          |       |       |     2 |       |     1 |       ||     3
       Confused          |       |       |       |     1 |       |       ||     1
       Paralysed         |       |       |       |       |     3 |       ||     3
       Distracted        |       |       |       |       |     1 |     1 ||     2
  Eat: Chunk             |     8 |     6 |    20 |    50 |    97 |    24 ||   205
       Ration            |       |     3 |     6 |    12 |    15 |     9 ||    45
Armor: Animal skin       |    63 |    30 |   108 |    26 |       |       ||   227
       Troll leather arm |       |       |       |   173 |   289 |       ||   462
       Gold dragon scale |       |       |       |       |   149 |   401 ||   550
       Skin              |       |       |       |       |    33 |       ||    33
Dodge: Dodged            |    54 |    69 |   193 |   463 |   663 |   119 ||  1561
       Deflected         |       |       |       |       |    18 |    26 ||    44
Block: Shield            |       |       |       |    36 |   391 |       ||   427
